 Dungeon Crawl Stone Soup version 0.31.0-9-g3a7656b989 (webtiles) character file.

Game seed: 9531961881298666284

261 qw the Shooter (level 5, -20/41 HPs)
             Began as a Demigod Hunter on Feb 2, 2024.
             Demolished by an ogre
             ... wielding a +0 giant club
              (32 damage)
             ... on level 4 of the Dungeon.
             The game lasted 00:00:11 (2790 turns).

qw the Shooter (Demigod Hunter)                     Turns: 2790, Time: 00:00:12

Health: -20/41     AC:  6    Str: 14    XL:     5   Next: 64%
Magic:  7/7        EV: 11    Int: 11    God:
Gold:   200        SH:  0    Dex: 21    Spells: 4/4 levels left

rFire   . . .        a - +0 shortbow (flame)
rCold   + . .        (shield currently unavailable)
rNeg    + . .        b - +0 ring mail
rPois   .            (no helmet)
rElec   .            e - +0 cloak
rCorr   .            (no gloves)
SInv    .            (no boots)
Will    .....        (no amulet)
Stlth   +            o - ring of protection from cold
HPRegen 0.26/turn    c - ring "Bepojas" {rN+ Str+2}
MPRegen 0.10/turn

%: no passive effects
@: no status effects
A: high MP 1, forlorn, divine attributes
a: no special abilities


You were on level 4 of the Dungeon.
You visited 1 branch of the dungeon, and saw 4 of its levels.

You collected 200 gold pieces.


Innate Abilities, Weirdness & Mutations

You have an increased reservoir of magic. (+10% MP)
You shall have no god before yourself.
Your divine heritage dramatically boosts your attributes as you level up.


   Skills:
 - Level 2.0 Fighting
 + Level 5.9 Ranged Weapons
 - Level 2.2 Armour
 - Level 2.0 Dodging
 - Level 0.8 Stealth


You had 4 spell levels left.
You didn't know any spells.
Your spell library was empty.

Inventory:

Hand Weapons
 a - a +0 shortbow of flaming (weapon)
Armour
 b - a +0 ring mail (worn)
 e - a +0 cloak (worn)
Jewellery
 c - the ring "Bepojas" (right hand) {rN+ Str+2}
   (You acquired it on level 3 of the Dungeon)

   [ring of positive energy]

   Str+2:     It affects your strength (+2).
   rN+:       It protects you from negative energy.
 o - a ring of protection from cold (left hand)
Wands
 l - a wand of roots (9)
Scrolls
 f - a scroll of identify
 i - 2 scrolls of teleportation
Potions
 d - a potion of enlightenment {unknown}
 g - a potion of curing {unknown}
 h - a potion of magic {unknown}
 j - a potion of invisibility {unknown}
 k - a potion of degeneration {unknown}
 m - a potion of mutation {unknown}

Dungeon Overview and Level Annotations

Branches:
Dungeon (4/15)
 Temple: D:4-7

Shops:
D:2 [


Message History

You kill the giant cockroach!
You start resting.
HP restored.
You now have 188 gold pieces (gained 8).
You now have 200 gold pieces (gained 12).
A scorpion comes into view.
You shoot an arrow. The arrow hits the scorpion.
The arrow burns the scorpion.
The scorpion is moderately wounded.
You shoot an arrow.
The arrow hits the scorpion but does no damage.
The scorpion is moderately wounded.
You shoot an arrow. The arrow hits the scorpion!
The arrow burns the scorpion.
The scorpion is almost dead.
The scorpion misses you.
You shoot an arrow. The arrow hits the scorpion.
The arrow burns the scorpion.
You kill the scorpion!
You see here a scorpion corpse.
Found an escape hatch in the ceiling.
l - a wand of roots (9)
An ogre comes into view. It is wielding a +0 giant club.
The ogre shouts!
You shoot an arrow. The arrow hits the ogre.
The arrow burns the ogre.
The ogre is lightly wounded.
You shoot an arrow. The arrow hits the ogre.
The arrow burns the ogre.
The ogre is lightly wounded.
The ogre closely misses you.
You shoot an arrow. The arrow closely misses the ogre.
The ogre completely misses you.
You shoot an arrow. The arrow barely misses the ogre.
You shoot an arrow. The arrow hits the ogre.
The arrow burns the ogre.
The ogre is moderately wounded.
The ogre hits you but does no damage.
You shoot an arrow. The arrow barely misses the ogre.
The ogre hits you with a +0 giant club!!
Ouch! That really hurt!
You shoot an arrow. The arrow hits the ogre.
The arrow burns the ogre.
The ogre is heavily wounded.
The ogre hits you with a +0 giant club!!
Ouch! That really hurt!
You die...

... #.# #.# #.# #+#
#.####### #.#
##.#...... #####.#
#......... ...#.#
#..#......
###.#.####..#......
#.@......#..#......
#O#.#.##.#..#######
#.#.#.##.#%.# #
#.#.#.##....# #
#.#........#......
#.#...######.#####
#....<# ..
#.......# ...
######... ....


You could see an ogre.

Vanquished Creatures
  2 scorpions (D:4)
  3 gnolls (D:3)
  5 adders
  A dart slug (D:3)
  A ribbon worm (D:2)
  4 orcs (D:3)
  3 bats
  5 endoplasms
  A giant cockroach (D:4)
  10 goblins
  10 hobgoblins
  4 jackals (D:1)
  2 quokkas
  5 ball pythons
  A frilled lizard (D:2)
  7 kobolds
  2 rats (D:1)
66 creatures vanquished.

Notes
Turn   | Place    | Note
-------+----------+-------------------------------------------
     0 | D:1      | qw the Demigod Hunter began the quest for the Orb.
     0 | D:1      | Reached XP level 1. HP: 17/17 MP: 3/3
     0 | D:1      | 0 ||| qw: Version: 0.3-a-155-g5e7d8dd
     0 | D:1      | 0 ||| qw: Game counter: 35
     0 | D:1      | 0 ||| qw: Melee chars always use a shield: true
     0 | D:1      | 0 ||| qw: God list: Okawaru
     0 | D:1      | 0 ||| qw: Allow faded altars: false
     0 | D:1      | 0 ||| qw: Do Orc after clearing Dungeon:15 true
     0 | D:1      | 0 ||| qw: Do second Lair branch before Depths: true
     0 | D:1      | 0 ||| qw: Lair rune preference: random
     0 | D:1      | 0 ||| qw: Goals: Normal
     0 | D:1      | 0 ||| PLANNING D:1-11
    67 | D:1      | Reached skill level 4 in Ranged Weapons
    89 | D:1      | Reached XP level 2. HP: 24/24 MP: 4/4
   715 | D:1      | 715 ||| READING scroll labelled CUDOFAOCKEO.
   716 | D:1      | 716 ||| READING scroll labelled FAKHLIE GIDWAE.
   717 | D:1      | 717 ||| DROPPING scroll of butterflies.
   719 | D:1      | 719 ||| Stepping ~*~*~tactically~*~*~ (cloud).
   723 | D:1      | HP: 6/24 [poisoned by you (poison gas)]
  1066 | D:2      | 1066 ||| RETREEEEATING.
  1067 | D:2      | 1067 ||| RETREEEEATING.
  1068 | D:2      | 1068 ||| RETREEEEATING.
  1069 | D:2      | 1069 ||| RETREEEEATING.
  1070 | D:2      | 1070 ||| RETREEEEATING.
  1071 | D:2      | 1071 ||| RETREEEEATING.
  1072 | D:2      | 1072 ||| RETREEEEATING.
  1073 | D:2      | 1073 ||| RETREEEEATING.
  1074 | D:2      | 1074 ||| RETREEEEATING.
  1075 | D:2      | 1075 ||| RETREEEEATING.
  1079 | D:2      | Reached XP level 3. HP: 9/29 MP: 5/5
  1080 | D:2      | HP: 7/29 [poisoned by an adder]
  1193 | D:2      | Found Aghuhew's Antique Armour Shop.
  1203 | D:2      | 1203 ||| SHOPLISTING crude robe (125 gold, have 74).
  1203 | D:2      | 1203 ||| SHOPLISTING pair of boots (99 gold, have 74).
  1203 | D:2      | 1203 ||| SHOPLISTING ring mail (88 gold, have 74).
  1516 | D:2      | Reached skill level 5 in Ranged Weapons
  1793 | D:2      | 1793 ||| UPGRADING to +0 cloak.
  1798 | D:2      | 1798 ||| READING scroll labelled ETYASAJA ENIUT.
  1899 | D:2      | 1899 ||| READING scroll labelled CEBUVU TOUKEL.
  1900 | D:2      | 1900 ||| READING scroll labelled RIETUCS FEGRUQ.
  1901 | D:2      | 1901 ||| READING scroll labelled JIOPPI PIRYKHIYCE.
  1901 | D:2      | 1901 ||| BRANDING +0 shortbow.
  1902 | D:2      | 1902 ||| READING scroll labelled SEITIL HEUVUEPS.
  1933 | D:3      | Reached XP level 4. HP: 36/36 MP: 6/6
  2579 | D:3      | 2579 ||| UPGRADING to +0 ring mail.
  2589 | D:3      | 2589 ||| DROPPING +0 leather armour.
  2590 | D:3      | 2590 ||| UPGRADING to ring of protection from cold.
  2591 | D:3      | 2591 ||| READING scroll labelled YNNIAN ROFUOPN.
  2591 | D:3      | 2591 ||| IDENTIFYING golden potion
  2592 | D:3      | 2592 ||| READING scroll labelled GEIROA XIECSUD.
  2593 | D:3      | 2593 ||| READING scroll labelled CUQAXKUHIYRPH.
  2593 | D:3      | Identified a scroll of acquirement
  2593 | D:3      | 2593 ||| ACQUIRING ring "Bepojas" {rN+ Str+2}
  2593 | D:3      | Acquired the ring "Bepojas" {rN+ Str+2}
  2595 | D:3      | 2595 ||| UPGRADING to ring "Bepojas" {rN+ Str+2}.
  2596 | D:3      | 2596 ||| DRINKING 2 brown potions.
  2597 | D:3      | 2597 ||| DROPPING potion of berserk rage.
  2598 | D:3      | 2598 ||| DROPPING potion of brilliance.
  2737 | D:4      | Reached XP level 5. HP: 40/41 MP: 7/7
  2783 | D:4      | Noticed an ogre
  2790 | D:4      | Demolished by an ogre

Levels and vault maps discovered:
D:1:      nzn_arrival_water_spiral, layout_basic,
          shapermc_ecumenical_altar_petra, minmay_misc_feat_room
D:2:      layout_basic, serial_shops, nicolae_shop_peninsula,
          serial_bayou_ford_a, kennysheep_boxes
D:3:      layout_basic
D:4:      layout_basic, mainiacjoe_overflow_tiny_flanked,
          pdpol_wu_jian_five_deadly_venoms

Skill      XL: |  1  2  3  4 |
---------------+-------------+-----
Ranged Weapons | 4 5 |  5.9
Fighting       | 2 |  2.0
Dodging        | 2 |  2.0
Armour         | 2 |  2.2
Stealth        | |  0.8

Action                     |  1- 3 |  4- 6 || total
---------------------------+-------+-------++-------
   Fire: Shortbow          |   118 |    76 ||   194
    Use: Scroll            |     7 |     3 ||    10
         Potion            |       |     1 ||     1
 Armour: Leather armour    |    29 |     4 ||    33
         Ring mail         |       |    11 ||    11
  Dodge: Dodged            |    43 |    18 ||    61

Table legend:
 A = Non-vault XP
 B = Vault XP
 C = Vault XP percentage of total XP
 D = Non-vault monster count
 E = Vault monster count
 F = Vault count percentage of total count
                 A         B        C        D         E       F
            +---------+---------+-------+---------+---------+-------
      Total |     374 |       0 |   0.0 |      66 |       0 |   0.0
            +---------+---------+-------+---------+---------+-------
        D:1 |      37 |       0 |   0.0 |      22 |       0 |   0.0
        D:2 |      77 |       0 |   0.0 |      19 |       0 |   0.0
        D:3 |      71 |       0 |   0.0 |      15 |       0 |   0.0
        D:4 |     189 |       0 |   0.0 |      10 |       0 |   0.0
            +---------+---------+-------+---------+---------+-------
